AoeStats
← javi_fortinero_06

Four Lakes

509764443Analyzed
1v1 RM · 3d ago on Sep 27, 2026· 21m 1s· 2 players
Game mode
Random Map
Map size
Tiny (2 player)
Population
200
Speed
Normal
Resources
Standard
Victory
Conquest
Starting age
Dark Age
Ending age
Imperial Age
RankedLock teamsTeams togetherTeam positionsShared explorationLock speedFull tech treeHidden civsTurbo modeCheats
Victory
Defeat
🇦🇷 Britons · Argentina
1187
+15
🇨🇱 Romans · Chile
1160
-15
Borlone
3:27 Loom
10:47 Feudal Age
11:32 Fishing Lines
12:00 Fishing Lines
13:44 Double-Bit Axe
14:49 Fletching
16:16 Wheelbarrow
15:57 Man-at-Arms
17:35 Scale Mail Armor
19:40 Padded Archer Armor
22:54 Castle Age
javi_fortinero_06
8:10 Loom
10:13 Feudal Age
10:52 Double-Bit Axe
17:54 Castle Age
16:46 Horse Collar
17:12 Fletching
17:16 Gold Mining
18:30 Bodkin Arrow
17:59 Crossbowman
19:12 Padded Archer Armor
21:14 Ballistics
Connection lost

Rejoining the realm…

Still unreachable

The connection could not be restored.

Session expired

The server has moved on; the page needs a fresh start.